[Event "*** SCC Grand Prix: Titled Tuesday Blitz"]
[Site "Chess.com"]
[Date "2020.06.23"]
[Round "3"]
[White "pastouche06"]
[Black "A-Fier"]
[Result "0-1"]
[WhiteElo "2492"]
[BlackElo "2749"]
[TimeControl "180+1"]
[EndTime "10:26:19 PDT"]
[Termination "A-Fier won by resignation"]

1. d4 Nf6 2. c4 c5 3. d5 e6 4. Nc3 exd5 5. cxd5 d6 6. e4 g6 7. Nge2 Bg7 8. Ng3 O-O 9. Be2 b6 10. O-O Ba6 11. Bg5 Bxe2 12. Qxe2 Nbd7 13. f4 Re8 14. Rae1 Qc7 15. Qd2 a6 16. e5 dxe5 17. f5 c4 18. Nce4 Nxe4 19. Nxe4 b5 20. d6 Qb6+ 21. Be3 Qc6 22.
Bh6 f6 23. fxg6 hxg6 24. Bxg7 Kxg7 25. Nxf6 Nxf6 26. Rxf6 Kxf6 27. Qh6 Qxd6 28. Rf1+ Ke7 0-1

[Event "*** SCC Grand Prix: Titled Tuesday Blitz"]
[Site "Chess.com"]
[Date "2020.06.23"]
[Round "3"]
[White "Nafania1"]
[Black "Eliwood44"]
[Result "1-0"]
[WhiteElo "2512"]
[BlackElo "2304"]
[TimeControl "180+1"]
[EndTime "10:26:20 PDT"]
[Termination "Nafania1 won by resignation"]

1. e4 e5 2. Nf3 Nc6 3. Bb5 g6 4. c3 Bg7 5. d4 a6 6. Be2 exd4 7. cxd4 d5 8. exd5 Qxd5 9. Nc3 Qd8 10. d5 Nce7 11. Bf4 Nf6 12. d6 cxd6 13. Qxd6 O-O 14. O-O Be6 15. Rfd1 Nf5 16. Qb4 Qc8 17. Rac1 Rd8 18.
Rxd8+ Qxd8 19. Qxb7 Nd5 20. Bg5 f6 21. Bd2 Rb8 22.
Qxa6 Nc7 23. Qa5 Qd7 24. Ne4 Ra8 25. Qxc7 1-0

[Event "*** SCC Grand Prix: Titled Tuesday Blitz"]
[Site "Chess.com"]
[Date "2020.06.23"]
[Round "3"]
[White "Thipsay"]
[Black "econpower"]
[Result "0-1"]
[WhiteElo "2470"]
[BlackElo "2738"]
[TimeControl "180+1"]
[EndTime "10:26:21 PDT"]
[Termination "econpower won by resignation"]

1. e4 d6 2. d4 Nf6 3. Nc3 e5 4. Nf3 Nbd7 5. Bc4 Be7 6. O-O O-O 7. a4 c6 8. a5 Qc7 9. dxe5 dxe5 10. Nh4 Re8 11. Nf5 Bf8 12. Qf3 b5 13. Bb3 Nc5 14. Bg5 Nxb3 15. cxb3 Bxf5 16. Qxf5 Nd7 17. Rfd1 Nc5 18. b4 Ne6 19. Rac1 Qb7 20. Na2 Nd4 21. Qh3 Ne2+ 22. Kh1 Nxc1 23. Rxc1 f6 24. Be3 a6 25. Qf3 Rad8 26. Qe2 Qf7 27. Nc3 Bxb4 28. Qc2 Qc4 29. h3 Rd3 30. Ne2 Qxc2 31. Rxc2 c5 32. Ng3 c4 33. Bb6 Re7 34. Nf5 Red7 35. Kh2 Rd2 0-1

[Event "*** SCC Grand Prix: Titled Tuesday Blitz"]
[Site "Chess.com"]
[Date "2020.06.23"]
[Round "3"]
[White "budda"]
[Black "kuban1991"]
[Result "0-1"]
[WhiteElo "2336"]
[BlackElo "2729"]
[TimeControl "180+1"]
[EndTime "10:26:26 PDT"]
[Termination "kuban1991 won by resignation"]

1. e4 e6 2. d4 d5 3. Nc3 Bb4 4. e5 c5 5. Bd2 Nc6 6. Nb5 Bxd2+ 7. Qxd2 Nxd4 8. Nd6+ Kf8 9. f4 Ne7 10. Bd3 Ndf5 11. Bxf5 Nxf5 12. Nxf5 exf5 13. O-O-O Be6 14. Nf3 h6 15. h3 d4 16. Kb1 Qd5 17. b3 a5 18. c3 a4 19. cxd4 axb3 20. dxc5 Qe4+ 21. Qd3 Rxa2 22. Qxe4 fxe4 23. Rd8+ Ke7 24. Rxh8 exf3 25. g4 Bd5 26. Rf1 Be4+ 0-1

[Event "*** SCC Grand Prix: Titled Tuesday Blitz"]
[Site "Chess.com"]
[Date "2020.06.23"]
[Round "3"]
[White "BillieKimbah"]
[Black "Rodalquilar"]
[Result "1-0"]
[WhiteElo "2855"]
[BlackElo "2641"]
[TimeControl "180+1"]
[EndTime "10:26:29 PDT"]
[Termination "BillieKimbah won by resignation"]

1. d4 Nf6 2. Nf3 d5 3. Bg5 Ne4 4. Bf4 c5 5. e3 Nc6 6. Nbd2 Bf5 7. c3 e6 8. Qb3 Qc8 9. Nxe4 Bxe4 10. Nd2 Bg6 11.
Be2 Be7 12. O-O O-O 13. Rac1 c4 14. Qd1 b5 15. Bf3 Bd3 16. Be2 Bg6 17. Bf3 Bd3 18. Re1 f5 19. Be2 Bxe2 20. Qxe2 a5 21. f3 b4 22. b3 bxc3 23. Rxc3 Bb4 24. Rcc1 c3 25. Nb1 c2 26. Rxc2 Bxe1 27. Qxe1 Qd7 28. Nc3 Nb4 29. Rd2 Rfc8 30. Na4 Rc6 31. Nc5 Na6 32. Nxd7 1-0

[Event "*** SCC Grand Prix: Titled Tuesday Blitz"]
[Site "Chess.com"]
[Date "2020.06.23"]
[Round "3"]
[White "Bubar"]
[Black "2007checkmate"]
[Result "0-1"]
[WhiteElo "2262"]
[BlackElo "2451"]
[TimeControl "180+1"]
[EndTime "10:26:29 PDT"]
[Termination "2007checkmate won by resignation"]

1. d4 Nf6 2. Nf3 d5 3. c4 c6 4. Nc3 dxc4 5. e4 b5 6. Qc2 Bg4 7. a4 Bxf3 8. gxf3 Qxd4 9. axb5 e6 10. Be3 Qd7 11. b6 c5 12. Bxc4 Nc6 13. Nb5 Bd6 14. b7 Rb8 15. Rd1 Nd4 16. Bxd4 cxd4 17. Rxd4 Bb4+ 18. Kf1 Qxb7 19. Qa4 O-O 20. Qxa7 Qxa7 21.
Nxa7 Bc5 22. Nc6 Bxd4 23. Nxd4 Rxb2 24. e5 Nh5 25. Kg2 Rb4 26. Rc1 Rc8 27. Nxe6 Rbxc4 0-1

[Event "*** SCC Grand Prix: Titled Tuesday Blitz"]
[Site "Chess.com"]
[Date "2020.06.23"]
[Round "3"]
[White "Bastiandash"]
[Black "Riptide27"]
[Result "1-0"]
[WhiteElo "2226"]
[BlackElo "2542"]
[TimeControl "180+1"]
[EndTime "10:26:31 PDT"]
[Termination "Bastiandash won by resignation"]

1. Nf3 d5 2. d4 c6 3. c3 Bf5 4. Bg5 h6 5. Bh4 Nd7 6. e3 Ngf6 7.
Bd3 Bxd3 8. Qxd3 Qb6 9. Nbd2 Qxb2 10. Rb1 Qxa2 11. Rxb7 e6 12. O-O Bd6 13. e4 dxe4 14. Nxe4 Nxe4 15. Qxe4 Qd5 16. Qg4 g5 17. Bg3 Nf6 18. Qh3 Be7 19. Ne5 c5 20. Rfb1 cxd4 21. cxd4 Qxd4 22. Rxe7+ Kxe7 23. Nc6+ 1-0

[Event "*** SCC Grand Prix: Titled Tuesday Blitz"]
[Site "Chess.com"]
[Date "2020.06.23"]
[Round "3"]
[White "BabyFacedAssasin"]
[Black "BigAl"]
[Result "0-1"]
[WhiteElo "2200"]
[BlackElo "2447"]
[TimeControl "180+1"]
[EndTime "10:26:37 PDT"]
[Termination "BigAl won by resignation"]

1. e4 c6 2. Nf3 d5 3. Nc3 dxe4 4.
Nxe4 Nf6 5. Qe2 Be6 6. d4 Nxe4 7. Qxe4 Bd5 8. Qe3 Bxf3 9. Qxf3 Qxd4 10. c3 Qf6 11. Qxf6 gxf6 12. Be2 Nd7 13. a4 O-O-O 14. a5 a6 15. Be3 e6 16. b4 Rg8 17. g3 f5 18. Rb1 Ne5 19. O-O Be7 20. c4 Ng4 21.
Bb6 Rd2 22. Bf3 Ne5 23. Bh5 Rg5 24. Be3 Rxh5 25. Bxd2 Nf3+ 0-1

[Event "*** SCC Grand Prix: Titled Tuesday Blitz"]
[Site "Chess.com"]
[Date "2020.06.23"]
[Round "3"]
[White "zala02"]
[Black "nekotyanof"]
[Result "1-0"]
[WhiteElo "2182"]
[BlackElo "2335"]
[TimeControl "180+1"]
[EndTime "10:26:37 PDT"]
[Termination "zala02 won by resignation"]

1. d4 Nf6 2. c4 g6 3. Nc3 d5 4. cxd5 Nxd5 5. e4 Nxc3 6. bxc3 Bg7 7. Bc4 c5 8. Ne2 Nc6 9. Be3 cxd4 10. cxd4 O-O 11. O-O Qc7 12. Rc1 Rd8 13. Qd2 b6 14. Bb5 Bb7 15. d5 Rac8 16. Bxc6 Bxc6 17. Rxc6 Qxc6 18.
dxc6 Rxd2 19. Bxd2 Rxc6 20. Rc1 Rxc1+ 21. Nxc1 Be5 22.
g3 Bd6 23. Kf1 e5 24. Ke2 f6 25. Nd3 Kf7 26. Bb4 Bc7 27. Ke3 Ke6 28. f4 g5 29.
fxg5 fxg5 30. Bf8 h5 31. h3 a5 32. Bh6 Bd8 33. Bf8 g4 34. hxg4 hxg4 35. Nb2 Bg5+ 36.
Ke2 b5 37. Bc5 Kd7 38. Bb6 Kc6 39. Bxa5 Be7 40. Nd3 Bd6 41. Bc3 1-0

[Event "*** SCC Grand Prix: Titled Tuesday Blitz"]
[Site "Chess.com"]
[Date "2020.06.23"]
[Round "3"]
[White "AlanTate"]
[Black "Gennady_Kozlov"]
[Result "1-0"]
[WhiteElo "2541"]
[BlackElo "2557"]
[TimeControl "180+1"]
[EndTime "10:26:38 PDT"]
[Termination "AlanTate won by resignation"]

1. d4 e6 2. e4 d5 3. Nd2 Nf6 4. e5 Nfd7 5. Bd3 c5 6. c3 Nc6 7. Ngf3 f6 8. exf6 Qxf6 9. O-O Bd6 10. Re1 O-O 11. Bxh7+ Kxh7 12. Rxe6 Bxh2+ 13. Kxh2 Qf4+ 14. Kh1 cxd4 15. Ne4 Qf5 16. Ng3 Qxe6 17. Ng5+ Kg8 18. Nxe6 Rxf2 19. Nc7 Rb8 20. Nxd5 Nde5 21. cxd4 Bg4 22.
Qb3 Nxd4 23. Qe3 Rbf8 24. Qxd4 Bh3 25. Ne7+ Kf7 26. Qxf2+ 1-0

[Event "*** SCC Grand Prix: Titled Tuesday Blitz"]
[Site "Chess.com"]
[Date "2020.06.23"]
[Round "3"]
[White "PavelShkapenko"]
[Black "mamey78"]
[Result "1/2-1/2"]
[WhiteElo "2650"]
[BlackElo "2330"]
[TimeControl "180+1"]
[EndTime "10:26:50 PDT"]
[Termination "Game drawn by agreement"]

1. e4 e5 2. Nf3 Nc6 3. Bc4 Nf6 4. Ng5 d5 5. exd5 Na5 6. Bb5+ c6 7. dxc6 bxc6 8. Bd3 h6 9. Ne4 Nd5 10. O-O Be7 11. Ng3 O-O 12. Bf5 Ba6 13. d3 g6 14.
Be4 Bg5 15. Nd2 f5 16. Bxd5+ cxd5 17. Nf3 e4 18. Nxg5 hxg5 19. Re1 f4 20. Nf1 f3 21. dxe4 fxg2 22. Kxg2 Bb7 23. Ng3 Qf6 24. Be3 dxe4 25. Qd4 Qxd4 26. Bxd4 e3+ 27. Kg1 Rxf2 1/2-1/2

[Event "*** SCC Grand Prix: Titled Tuesday Blitz"]
[Site "Chess.com"]
[Date "2020.06.23"]
[Round "3"]
[White "argentum049"]
[Black "dosto07"]
[Result "1-0"]
[WhiteElo "2446"]
[BlackElo "2167"]
[TimeControl "180+1"]
[EndTime "10:26:54 PDT"]
[Termination "argentum049 won by resignation"]

1. d4 d5 2. c4 dxc4 3. e3 Nf6 4. Bxc4 e6 5. Nf3 c5 6. O-O a6 7. Bb3 Nc6 8. Nc3 Be7 9. dxc5 Qxd1 10. Rxd1 Bxc5 11.
Bd2 Ke7 12. Rac1 Rd8 13. Nd5+ Nxd5 14. Rxc5 Nf6 15. Kf1 Ne4 16. Rh5 Nxd2+ 17. Rxd2 Rxd2 18. Nxd2 h6 19. Nc4 Bd7 20. Ke2 Rd8 21. Bc2 Nb4 22.
Bb3 Bb5 23. a4 Bc6 24. Ne5 Bxg2 25. f3 f6 26. Ng6+ Kf7 27. Nf4 Bh1 28. Nxe6 Rd3 29. Nc5+ Rxb3 30. Nd3 Rxb2+ 31. Nxb2 Nd5 32. Rxd5 1-0

[Event "*** SCC Grand Prix: Titled Tuesday Blitz"]
[Site "Chess.com"]
[Date "2020.06.23"]
[Round "3"]
[White "StephenDedalus83"]
[Black "Chesstrainer1"]
[Result "1-0"]
[WhiteElo "2759"]
[BlackElo "2442"]
[TimeControl "180+1"]
[EndTime "10:26:59 PDT"]
[Termination "StephenDedalus83 won on time"]

1. e4 c5 2. Nf3 e6 3. d4 cxd4 4. Nxd4 Nf6 5. Nc3 Nc6 6. a3 d6 7.
Be2 Be7 8. O-O O-O 9. Be3 a6 10. f4 Qc7 11. Qe1 Nd7 12. Nf3 b5 13. Qg3 Bb7 14. Bd3 b4 15. Nd1 e5 16. f5 Kh8 17.
Nf2 bxa3 18. bxa3 Nc5 19. Ng4 Na5 20. f6 gxf6 21. Nh4 Nxe4 22. Qh3 d5 23. Bxe4 dxe4 24.
Nf5 Rg8 25. Nxe7 Qxe7 26. Nxf6 1-0

[Event "*** SCC Grand Prix: Titled Tuesday Blitz"]
[Site "Chess.com"]
[Date "2020.06.23"]
[Round "3"]
[White "Evgeny81"]
[Black "Benjoneliere44"]
[Result "1-0"]
[WhiteElo "2792"]
[BlackElo "2536"]
[TimeControl "180+1"]
[EndTime "10:27:00 PDT"]
[Termination "Evgeny81 won by resignation"]

1. e4 c5 2. d4 cxd4 3. c3 d3 4. Bxd3 d6 5. f4 g6 6. Nf3 Bg7 7. O-O Nf6 8. Kh1 O-O 9. Na3 Nc6 10. Nc2 e5 11. fxe5 Nxe5 12. Bg5 h6 13. Bh4 g5 14.
Bg3 Nfg4 15. Be2 Nxf3 16. Bxf3 Ne5 17. Nd4 Qe7 18. Bh5 Be6 19. Nf5 Bxf5 20. Rxf5 Rad8 21. Qd5 Kh8 22. Raf1 f6 23. Qb3 Nc6 24. Rd5 Qxe4 25. Bxd6 f5 26. Bf3 Qe6 27. Bxf8 Rxf8 28. Rdd1 Ne5 29.
Qxe6 1-0

[Event "*** SCC Grand Prix: Titled Tuesday Blitz"]
[Site "Chess.com"]
[Date "2020.06.23"]
[Round "3"]
[White "ZverevLev"]
[Black "IwkooO"]
[Result "1-0"]
[WhiteElo "2344"]
[BlackElo "2511"]
[TimeControl "180+1"]
[EndTime "10:27:00 PDT"]
[Termination "ZverevLev won by resignation"]

1. e4 c5 2. Nf3 e6 3. d4 cxd4 4. Nxd4 Nc6 5. Nc3 a6 6. Be3 Nf6 7. f4 Bb4 8. Bd3 e5 9. Nf5 d5 10.
fxe5 Nxe5 11. Nxg7+ Ke7 12. O-O Neg4 13. Bd4 dxe4 14. Bc4 Rg8 15. Nxe4 Rxg7 16. Nxf6 Qc7 17. Nd5+ 1-0

[Event "*** SCC Grand Prix: Titled Tuesday Blitz"]
[Site "Chess.com"]
[Date "2020.06.23"]
[Round "3"]
[White "LionTheLeon_06"]
[Black "Indianlad"]
[Result "0-1"]
[WhiteElo "2701"]
[BlackElo "2974"]
[TimeControl "180+1"]
[EndTime "10:27:06 PDT"]
[Termination "Indianlad won by resignation"]

1. d4 g6 2. c4 Bg7 3. Nc3 Nf6 4. e4 O-O 5. h3 d6 6. Be3 Nbd7 7. Nf3 a6 8. Be2 c5 9. O-O cxd4 10. Nxd4 Nc5 11. Qc2 Bd7 12. b3 Rc8 13. a4 e5 14. Nf3 Qe7 15.
Rfd1 Bc6 16. Nd2 Ne6 17. Nf3 Nh5 18. Bf1 f5 19. Nd5 Qf7 20. Ng5 Nxg5 21. Bxg5 Rce8 22. Be3 Nf6 23. exf5 Nxd5 24. cxd5 Bd7 25. fxg6 hxg6 26.
Rac1 e4 27. Qc7 Be5 28. Qxb7 Rb8 29. Qxa6 Rxb3 30. Qe2 Bxa4 31. Qg4 Rxe3 32. fxe3 Bxd1 33. Qxd1 Qf2+ 34. Kh1 Qg3 0-1

[Event "*** SCC Grand Prix: Titled Tuesday Blitz"]
[Site "Chess.com"]
[Date "2020.06.23"]
[Round "3"]
[White "SPEEDSKATER"]
[Black "Chigorinetz"]
[Result "0-1"]
[WhiteElo "2764"]
[BlackElo "2529"]
[TimeControl "180+1"]
[EndTime "10:27:07 PDT"]
[Termination "Chigorinetz won by resignation"]

1. d4 d5 2. c4 Nc6 3. Nc3 Nf6 4.
cxd5 Nxd5 5. Nf3 e5 6. Nxe5 Nxe5 7. dxe5 Be6 8. Nxd5 Bxd5 9. Bd2 Qh4 10. Qc2 O-O-O 11.
Bc3 Bc5 12. O-O-O Qxf2 13. Be1 Be3+ 14. Kb1 Be4 15. Rxd8+ Rxd8 0-1

[Event "*** SCC Grand Prix: Titled Tuesday Blitz"]
[Site "Chess.com"]
[Date "2020.06.23"]
[Round "3"]
[White "metalbattler"]
[Black "Volodar_Murzin"]
[Result "0-1"]
[WhiteElo "2059"]
[BlackElo "2701"]
[TimeControl "180+1"]
[EndTime "10:27:07 PDT"]
[Termination "Volodar_Murzin won on time"]

1. d4 Nf6 2. Bf4 g6 3. Nc3 Bg7 4. e4 d6 5. Qd2 O-O 6. Bh6 c6 7. h4 b6 8. h5 b5 9. Bd3 e5 10. Nge2 Nbd7 11. hxg6 fxg6 12. Bxg7 Kxg7 13. Qh6+ Kg8 14.
O-O-O Rf7 15. d5 c5 16. Nxb5 Nb6 17. c4 Ng4 18. Qh4 g5 19. Qh5 Nxf2 20. Ng3 Bg4 21. Qh6 Bxd1 22. Rxd1 Qf6 23. Qxf6 Rxf6 24. Nf5 Rd8 25.
Rd2 Nxd3+ 26. Rxd3 Nxc4 27. Nxa7 Ra8 28. Nb5 Rxa2 29.
b3 Nb6 30. Nbxd6 Rxg2 31. Rc3 Nd7 0-1

[Event "*** SCC Grand Prix: Titled Tuesday Blitz"]
[Site "Chess.com"]
[Date "2020.06.23"]
[Round "3"]
[White "vladislavkovalev"]
[Black "elohunter1999"]
[Result "1-0"]
[WhiteElo "2900"]
[BlackElo "2464"]
[TimeControl "180+1"]
[EndTime "10:27:08 PDT"]
[Termination "vladislavkovalev won by resignation"]

1. e4 c5 2. Be2 Nc6 3. d3 e6 4.
f4 d5 5. Nf3 Bd6 6. c3 Nge7 7. e5 Bc7 8. Be3 b6 9. d4 cxd4 10. cxd4 a5 11. Nc3 Ba6 12. Nb5 O-O 13. O-O f6 14. Rc1 Bb8 15. a3 Qd7 16. Qb3 a4 17. Qxa4 Nf5 18. Bf2 fxe5 19. fxe5 Bb7 20. Qc2 Qf7 21. Bd3 Qh5 22. h3 Nce7 23. Kh2 Qh6 24.
Qd2 Qxd2 25. Nxd2 Ng6 26. Nc7 Ra4 27. Nxe6 Rf7 28. Nd8 Rd7 29. Nxb7 Nxd4 30. Rc8+ 1-0

[Event "*** SCC Grand Prix: Titled Tuesday Blitz"]
[Site "Chess.com"]
[Date "2020.06.23"]
[Round "3"]
[White "doons21"]
[Black "Ekka83"]
[Result "1-0"]
[WhiteElo "2547"]
[BlackElo "2349"]
[TimeControl "180+1"]
[EndTime "10:27:11 PDT"]
[Termination "doons21 won by resignation"]

1. e4 d5 2. exd5 Qxd5 3. Nc3 Qa5 4. Bc4 Nf6 5. d3 Bf5 6. Bd2 c6 7. Nd5 Qd8 8. Nxf6+ exf6 9. Qe2+ Be7 10. g4 Bg6 11. f4 f5 12. O-O-O O-O 13. g5 a5 14. a3 Re8 15. Qf3 Kf8 16. h4 f6 17. h5 Bf7 18. g6 Bg8 19. h6 hxg6 20. h7 Bxh7 21. Rxh7 1-0

[Event "*** SCC Grand Prix: Titled Tuesday Blitz"]
[Site "Chess.com"]
[Date "2020.06.23"]
[Round "3"]
[White "JiiHart"]
[Black "andriipalchuk"]
[Result "0-1"]
[WhiteElo "2173"]
[BlackElo "2367"]
[TimeControl "180+1"]
[EndTime "10:27:11 PDT"]
[Termination "andriipalchuk won by checkmate"]

1. e4 c6 2. d4 d5 3. Nc3 dxe4 4. Nxe4 Nf6 5. Ng3 h5 6. h4 Bg4 7. Be2 Bxe2 8. N1xe2 e6 9. Bg5 Be7 10. Qd2 Nbd7 11.
O-O-O Nb6 12. Rhe1 Qd7 13. Kb1 O-O-O 14. Qd3 Nfd5 15. Ne4 f6 16. Bd2 Nc7 17. c4 e5 18.
Bc3 exd4 19. Qxd4 Qf5 20. Qe3 Nxc4 21. Qxa7 Qxe4+ 22. Ka1 Qxe2 23. Rxd8+ Rxd8 24. b3 Rd1+ 25. Rxd1 Qxd1# 0-1

[Event "*** SCC Grand Prix: Titled Tuesday Blitz"]
[Site "Chess.com"]
[Date "2020.06.23"]
[Round "3"]
[White "ferdipy"]
[Black "jlandaw"]
[Result "0-1"]
[WhiteElo "2350"]
[BlackElo "2543"]
[TimeControl "180+1"]
[EndTime "10:27:12 PDT"]
[Termination "jlandaw won by resignation"]

1. e4 e5 2. Nf3 Nc6 3. Bc4 Bc5 4. O-O Nf6 5. d3 d6 6. h3 h6 7. c3 a6 8. b4 Ba7 9. a4 O-O 10. Be3 Ne7 11. Bxa7 Rxa7 12. Nbd2 Ng6 13. d4 exd4 14. cxd4 d5 15. Bd3 Nf4 16. Qc2 Nxd3 17. Qxd3 Nxe4 18.
Nxe4 Bf5 19. Nfd2 dxe4 20. Nxe4 Qd5 21. Rfe1 Raa8 22. Rac1 Rfe8 23. f3 Rad8 24. Rxc7 Kh8 25. a5 Re6 26. Rxf7 Rg6 27. Re7 Bxh3 28. Re2 Bf5 29. Re5 Qxe5 0-1

[Event "*** SCC Grand Prix: Titled Tuesday Blitz"]
[Site "Chess.com"]
[Date "2020.06.23"]
[Round "3"]
[White "VincentKeymer"]
[Black "Shubinkirill2003"]
[Result "1-0"]
[WhiteElo "2850"]
[BlackElo "2632"]
[TimeControl "180+1"]
[EndTime "10:27:14 PDT"]
[Termination "VincentKeymer won by resignation"]

1. Nf3 Nf6 2. c4 b6 3. d4 e6 4. g3 Bb7 5. Bg2 Be7 6. O-O O-O 7. Nc3 Ne4 8. Bd2 Bf6 9. Re1 Nxd2 10. Qxd2 d6 11.
e4 e5 12. Rad1 Nd7 13. d5 a5 14. h4 g6 15. h5 Bg7 16. Bh3 Nc5 17. Kg2 Bc8 18.
Rh1 a4 19. Qe2 f5 20. hxg6 hxg6 21. Rh2 Qf6 22. Rdh1 Bd7 23. Nh4 Rf7 24. exf5 gxf5 25. Qh5 f4 26. Bxd7 fxg3 27. fxg3 Qf2+ 28. Kh3 1-0

[Event "*** SCC Grand Prix: Titled Tuesday Blitz"]
[Site "Chess.com"]
[Date "2020.06.23"]
[Round "3"]
[White "Boudicca64"]
[Black "colegiodemadrid"]
[Result "0-1"]
[WhiteElo "1793"]
[BlackElo "2369"]
[TimeControl "180+1"]
[EndTime "10:27:15 PDT"]
[Termination "colegiodemadrid won on time"]

1. e4 c5 2. g3 d5 3. exd5 Qxd5 4. Nf3 Qe6+ 5. Be2 Nc6 6. O-O h5 7. d4 cxd4 8. Nxd4 Nxd4 9. Qxd4 Qxe2 10. Nc3 Qe6 11.
Bf4 Qb6 12. Qd3 Bh3 13. Rfd1 Rd8 14. Nd5 Rxd5 15. Qxd5 Nf6 16. Qc4 Qc6 17. Qxc6+ bxc6 18. Be3 a6 19. Bb6 Nd7 20. Ba5 e5 21. Rd2 Bc5 22. Rad1 Bg4 23. Rd3 Bxd1 24. Rxd1 Ke7 25. b4 Bd6 26. c4 c5 0-1

[Event "*** SCC Grand Prix: Titled Tuesday Blitz"]
[Site "Chess.com"]
[Date "2020.06.23"]
[Round "3"]
[White "angryhorse9"]
[Black "Gajuchess"]
[Result "0-1"]
[WhiteElo "2443"]
[BlackElo "2763"]
[TimeControl "180+1"]
[EndTime "10:27:16 PDT"]
[Termination "Gajuchess won by resignation"]

1. e4 g6 2. d4 Bg7 3. Nc3 d6 4. f4 a6 5. Nf3 b5 6. Bd3 Bb7 7. O-O Nd7 8. a4 b4 9. Nd5 c5 10. c3 e6 11. Ne3 Ngf6 12. e5 Ne4 13. exd6 Nxd6 14. dxc5 Nxc5 15. cxb4 Nxd3 16. Qxd3 Qb6 17. a5 Qc7 18. Bd2 Rd8 19. Rac1 Qb8 20. Bc3 Ne4 21. Bxg7 Rxd3 22. Bxh8 Rxe3 23. Be5 Qa8 24. Rc7 Re2 25. Nd4 Rd2 26. f5 Ng5 0-1

[Event "*** SCC Grand Prix: Titled Tuesday Blitz"]
[Site "Chess.com"]
[Date "2020.06.23"]
[Round "3"]
[White "DishonorOnYourCow"]
[Black "TST2014"]
[Result "0-1"]
[WhiteElo "2314"]
[BlackElo "2518"]
[TimeControl "180+1"]
[EndTime "10:27:17 PDT"]
[Termination "TST2014 won by resignation"]

1. d4 Nf6 2. c4 d6 3. Nc3 e5 4. d5 Na6 5. e4 Nc5 6. f3 a5 7.
Be3 Be7 8. Nge2 O-O 9. Ng3 Ne8 10. Be2 g6 11. Qd2 f5 12. Bh6 Ng7 13. exf5 gxf5 14.
f4 e4 15. Nh5 Nxh5 16. Bxf8 Bxf8 17. Bxh5 Qh4+ 18. g3 Qxh5 19. O-O Bd7 20. Nb5 Bxb5 21. cxb5 b6 22. Qe3 Bg7 23. Rab1 Qg6 24. b3 h5 25. a3 Qf6 26. b4 axb4 27. axb4 Qd4 28. Qxd4 Bxd4+ 29. Kh1 Nd3 30. Kg2 Ra2+ 31. Kh3 Kf7 32. Rg1 Bxg1 33. Rxg1 e3 0-1

[Event "*** SCC Grand Prix: Titled Tuesday Blitz"]
[Site "Chess.com"]
[Date "2020.06.23"]
[Round "3"]
[White "Pintacara"]
[Black "shineatchess"]
[Result "1/2-1/2"]
[WhiteElo "2332"]
[BlackElo "2122"]
[TimeControl "180+1"]
[EndTime "10:27:17 PDT"]
[Termination "Game drawn by agreement"]

1. d4 Nf6 2. Bg5 d5 3. Bxf6 exf6 4. e3 Bd6 5. c4 dxc4 6. Bxc4 O-O 7. Nc3 f5 8. Nf3 c6 9. h3 Nd7 10. Bd3 Nf6 11. g4 fxg4 12. hxg4 Bxg4 13. Qe2 h6 14. O-O-O Bb4 15. Rdg1 Bxc3 16. bxc3 Re8 17. Rxh6 gxh6 18. Ne5 h5 19. f3 Qa5 20. fxg4 Qxc3+ 21. Kb1 Qb4+ 22.
Kc2 1/2-1/2

[Event "*** SCC Grand Prix: Titled Tuesday Blitz"]
[Site "Chess.com"]
[Date "2020.06.23"]
[Round "3"]
[White "sasko1234"]
[Black "Alexander_Donchenko"]
[Result "0-1"]
[WhiteElo "2423"]
[BlackElo "2679"]
[TimeControl "180+1"]
[EndTime "10:27:19 PDT"]
[Termination "Alexander_Donchenko won by resignation"]

1. b3 c5 2. Bb2 Nc6 3. e3 Nf6 4. f4 g6 5. Nf3 Bg7 6. Be2 O-O 7. O-O d5 8. Ne5 Nxe5 9. Bxe5 b6 10.
Bf3 Bb7 11. d3 Nd7 12. Bxg7 Kxg7 13. Nd2 e5 14. fxe5 Nxe5 15. e4 Qd7 16. exd5 Nxf3+ 17. Qxf3 Bxd5 18. Qf6+ Kg8 19. Rae1 Rae8 20. h3 Re6 21. Rxe6 Qxe6 22. Qxe6 Bxe6 23. a4 f5 24. Re1 Kf7 25.
Kf2 Kf6 26. Nf3 h6 27. Ne5 g5 28. Nc6 Ra8 29. Ne5 Rc8 30. Re2 Rc7 31. Re1 Bd5 32.
Nf3 f4 33. Nd2 Re7 34. Rxe7 Kxe7 35. Nf3 Kf6 36. Nd2 Ke5 37. Nf3+ Bxf3 38. Kxf3 Kd4 39. Ke2 Kc3 40. Kd1 h5 0-1

[Event "*** SCC Grand Prix: Titled Tuesday Blitz"]
[Site "Chess.com"]
[Date "2020.06.23"]
[Round "3"]
[White "Matveev_Vladimir"]
[Black "Pedrada88"]
[Result "1-0"]
[WhiteElo "2545"]
[BlackElo "2344"]
[TimeControl "180+1"]
[EndTime "10:27:19 PDT"]
[Termination "Matveev_Vladimir won by resignation"]

1. d4 Nf6 2. c4 b6 3. Nf3 Bb7 4. g3 e6 5. Bg2 Be7 6. Nc3 O-O 7. Qc2 d5 8. cxd5 Nxd5 9. O-O Nd7 10. Rd1 Rc8 11. e4 Nxc3 12. bxc3 c5 13. d5 exd5 14. exd5 Bf6 15. Bf4 c4 16. Rab1 Nc5 17. Ne5 Re8 18. Nxc4 Ne4 19. Bxe4 Rxc4 20. Bxh7+ Kh8 21. Bf5 Rxc3 22.
Qd2 g6 23. Bh3 Rc5 24. Bg2 Kg7 25. h4 Qc8 26. d6 Qf5 27. Bxb7 Rc2 28. Qd3 Ree2 29. Qxf5 gxf5 30. Be3 f4 31. gxf4 Bxh4 32. d7 Bd8 33. Bf3 Rxa2 34. Bxe2 Rxe2 35. Rbc1 Kf6 36. Rc8 Ke7 37. f5 f6 38. Bf4 Re4 39. Rxd8 Kxd8 40. Bc7+ 1-0

[Event "*** SCC Grand Prix: Titled Tuesday Blitz"]
[Site "Chess.com"]
[Date "2020.06.23"]
[Round "3"]
[White "alexsergeyev"]
[Black "Lupul_Cenusiu"]
[Result "0-1"]
[WhiteElo "2375"]
[BlackElo "2560"]
[TimeControl "180+1"]
[EndTime "10:27:20 PDT"]
[Termination "Lupul_Cenusiu won by resignation"]

1. d4 Nf6 2. c4 e6 3. Nf3 c5 4.
d5 exd5 5. cxd5 Bd6 6. g3 O-O 7.
Bg2 Bc7 8. O-O d6 9. a3 Re8 10. b4 cxb4 11. axb4 Na6 12. Ba3 Bb6 13. Nc3 Bd7 14. Qb3 Rc8 15. e3 Nc7 16. b5 Ba5 17. Bxd6 Bxc3 18. Qxc3 Nxb5 19. Qb4 a5 20. Rxa5 Nxd6 21. Nd4 Qc7 22. Ra7 Qc5 23. Qxc5 Rxc5 24. Rd1 g6 25. h3 h5 26. h4 Rec8 27. f3 Rc1 28. Rxc1 Rxc1+ 29. Kf2 Nxd5 30. e4 Nb4 31. f4 Nc6 32. Nxc6 Bxc6 0-1

[Event "*** SCC Grand Prix: Titled Tuesday Blitz"]
[Site "Chess.com"]
[Date "2020.06.23"]
[Round "3"]
[White "maciek_92"]
[Black "ChessArchitect64"]
[Result "1-0"]
[WhiteElo "2699"]
[BlackElo "1894"]
[TimeControl "180+1"]
[EndTime "10:27:20 PDT"]
[Termination "maciek_92 won on time"]

1. d4 d5 2. c4 c6 3. Nc3 Nf6 4. Nf3 e6 5. e3 Nbd7 6. Qc2 Bd6 7. Bd3 O-O 8. O-O Qe7 9. e4 dxe4 10. Nxe4 Nxe4 11.
Bxe4 Nf6 12. Bd3 c5 13. Bg5 h6 14. Bh4 b6 15. Rfe1 cxd4 16. Nxd4 Bb7 17. Nf5 Qc7 18. Nxd6 Qxd6 19. Bxf6 gxf6 20. Rad1 Qe7 21. Qd2 Kg7 22. Re3 Rh8 23. Rg3+ Kf8 24. Be2 f5 25. Bh5 Rc8 26. h3 1-0